 Dungeon Crawl Stone Soup version 0.31.0-9-g3a7656b989 (webtiles) character file.

Game seed: 10807672110979365845

354 Sweeb the Ruffian (level 6, -6/36 HPs)
             Began as an Octopode Shapeshifter on Jan 24, 2024.
             Mangled by an ice beast (10 damage)
             ... on level 5 of the Dungeon.
             The game lasted 00:03:16 (2825 turns).

Sweeb the Ruffian (Octopode Shapeshifter)           Turns: 2825, Time: 00:03:16

Health: -6/36      AC:  1    Str: 14 (15) XL:     6   Next: 63%
Magic:  15/15      EV: 13    Int: 19      God:
Gold:   178        SH:  0    Dex: 10 (11) Spells: 5/5 levels left

rFire   . .          .
                       - Unarmed
rCold   . . .        (no shield)
rNeg    . . .        (helmet currently unavailable)
rPois   .            (no amulet)
rElec   .            n - +6 ring of intelligence
rCorr   .            e - ring of magical power
SInv    .            (no ring)
Will    .....        (no ring)
Stlth   +++          (no ring)
HPRegen 0.26/turn    (no ring)
MPRegen 0.14/turn    (no ring)
                     (no ring)

%: no passive effects
@: mighty, beast-form
A: beast (slay +2), almost no armour, amphibious, 8 rings, camouflage 1,
gelatinous body 1, (nimble swimmer 1), tentacles, deterioration 1, frail 1
a: Begin Untransformation


You were on level 5 of the Dungeon.
You were a hulking beast.
You visited 1 branch of the dungeon, and saw 5 of its levels.

You collected 178 gold pieces.

Inventory:

Jewellery
 e - a ring of magical power (right tentacle)
 n - a +6 ring of intelligence (left tentacle)
Talismans
 b - a beast talisman
 c - a flux talisman
Scrolls
 j - a scroll of immolation
 m - a scroll of blinking
Potions
 a - a potion of degeneration {unknown}
 f - a potion of curing
 g - 2 potions of attraction
 h - 2 potions of cancellation
 i - a potion of resistance {unknown}
 k - a potion of mutation
 o - a potion of lignification


   Skills:
 + Level 2.5 Fighting
 + Level 3.2 Dodging
 + Level 3.2 Stealth
 * Level 4.4 Unarmed Combat
 * Level 4.3 Shapeshifting


You had 5 spell levels left.
You didn't know any spells.
Your spell library contained the following spells:

 Spells                   Type           Power      Damage    Failure   Level
 Inner Flame              Hex/Fire       0%         N/A       52%         3
 Ozocubu's Armour         Ice            0%         N/A       52%         3
 Brom's Barrelling Bould  Conj/Erth      0%         2d3       90%         4
 Flame Wave               Conj/Fire      0%         2d4       90%         4
 Sticky Flame             Fire/Alch      0%         2d4       90%         4
 Fireball                 Conj/Fire      0%         3d3       99%         5
 Iskenderun's Battlesphe  Conj           0%         2d6       99%         5
 Metabolic Englaciation   Hex/Ice        0%         N/A       99%         5
 Conjure Ball Lightning   Conj/Air       0%         3x3d6     100%        6
 Sculpt Simulacrum        Ice/Alch       0%         N/A       100%        6
 Orb of Destruction       Conj           0%         9d5       100%        7


Dungeon Overview and Level Annotations

Branches:
Dungeon (5/15)
 Temple: D:4-7

Altars:
Dithmenos
Hepliaklqana

Annotations:
D:2 1 runed translucent door, Crazy Yiuf
D:4 1 runed translucent door, Esekla's ghost, novice SpCA


Innate Abilities, Weirdness & Mutations

You are a hulking beast.
Your limbs bulge with bestial killing power. (Slay +2)
You cannot wear most types of armour.
You are amphibious.
You can wear up to eight rings at the same time.
Your skin changes colour to match your surroundings (Stealth+).
Your rubbery body absorbs attacks. (AC +1, EV +1)
((You are camouflaged when in or above water. (Stealth+)))
You have tentacles for arms and can constrict up to eight enemies at once.
Your body sometimes deteriorates upon taking damage.
You are frail. (-10% HP)


Message History

As you read the scroll of identify, it crumbles to dust.
h - 2 potions of cancellation HP restored.
You open the door.
A quokka comes into view.
A quokka is nearby!
Unknown command.
A quokka is nearby!
Found a stone staircase leading down.
There is an open door here.
The quokka bites you. The quokka misses you.
You tentacle-slap the quokka.
You kill the quokka!
No target in view!
No target in view!
You hear the slow hiss of a distant avalanche of sand.
Found 6 poisoned darts.
An ice beast comes into view.
An ice beast is nearby!
An ice beast is nearby!
You see here 6 poisoned darts.
The helpless ice beast fails to defend itself.
You tentacle-slap the ice beast.
The ice beast is lightly wounded.
The ice beast hits you.
Your body deteriorates!
You feel clumsy. The ice beast freezes you!
You barely miss the ice beast.
The ice beast is lightly wounded.
The ice beast barely misses you.
You barely miss the ice beast.
The ice beast is lightly wounded.
The ice beast hits you. The ice beast freezes you!
* * * LOW HITPOINT WARNING * * *
You feel very mighty all of a sudden. The ice beast hits you.
* * * LOW HITPOINT WARNING * * *
Your body deteriorates!
You feel weakened. The ice beast freezes you!
You die...

#### ...
##########Y###
#........h...#
#.########.#.#
###### #.# .#
.....###.###
.#
.....+.....#
##
.....###.#.#
..#####..#.#
#.# #.#..#
#.#####.#.##


You could see an ice beast.

Vanquished Creatures
  Grinder (D:3)
  A kobold brigand (D:4)
  4 adders
  3 ribbon worms
  2 orcs
  5 bats
  4 endoplasms
  A giant cockroach (D:4)
  8 hobgoblins
  3 jackals (D:3)
  9 kobolds
  3 quokkas
  A ball python (D:1)
  6 frilled lizards
  7 rats
  A spectral kobold (D:4)
59 creatures vanquished.

Notes
Turn   | Place    | Note
-------+----------+-------------------------------------------
     0 | D:1      | Sweeb the Octopode Shapeshifter began the quest for the
                  | Orb.
     0 | D:1      | Reached XP level 1. HP: 13/13 MP: 1/1
   209 | D:1      | Reached XP level 2. HP: 18/18 MP: 2/2
   415 | D:1      | Reached skill level 1 in Stealth
   667 | D:2      | Reached XP level 3. HP: 23/23 MP: 3/3
  1040 | D:2      | Found a runed translucent door.
  1041 | D:2      | Noticed Crazy Yiuf
  1488 | D:3      | Reached XP level 4. HP: 28/28 MP: 4/4
  1534 | D:3      | Found a faded altar of an unknown god.
  1614 | D:3      | Noticed Grinder
  1622 | D:3      | Gained mutation: You are frail. (-10% HP) [potion of
                  | mutation]
  1622 | D:3      | Gained mutation: Your body sometimes deteriorates upon
                  | taking damage. [potion of mutation]
  1631 | D:3      | Killed Grinder
  1632 | D:3      | Reached XP level 5. HP: 15/30 MP: 5/5
  1632 | D:3      | Reached XP level 6. HP: 18/35 MP: 6/6
  2493 | D:4      | Found a runed translucent door.
  2499 | D:4      | Noticed Esekla's ghost (novice SpCA)
  2538 | D:4      | Found a shadowy altar of Dithmenos.
  2725 | D:4      | Found a hazy altar of Hepliaklqana.
  2744 | D:5      | Entered Level 5 of the Dungeon
  2815 | D:5      | Noticed an ice beast
  2825 | D:5      | Mangled by an ice beast

Illustrated notes

Levels and vault maps discovered:
D:1:      dreamdust_arrival_beginning_and_end, layout_basic, hex_large
D:2:      layout_rooms, mrwooster_statue_mirror, uniq_crazy_yiuf_cottage
D:3:      layout_basic, hellmonk_ecumenical_altar_blasted, uniq_grinder
D:4:      layout_cave_pools, nicolae_hepliaklqana_monster_ancestors,
          mainiacjoe_overflow_six_doors_small, ebering_ghost_sewer_d
D:5:      layout_basic, minmay_temple_entry_butterflies,
          nicolae_ossuary_entry_plus, nicolae_shop_overcharged_wands

Skill      XL: |  1  2  3  4 |
---------------+-------------+-----
Stealth        | 1 3 |  3.2
Fighting       | 2 |  2.5
Dodging        | 3 |  3.2
Unarmed Combat | 4 |  4.4
Shapeshifting  | 4 |  4.3

Action                     |  1- 3 |  4- 6 || total
---------------------------+-------+-------++-------
  Melee: Unarmed           |    75 |    63 ||   138
         Constrict         |    15 |    10 ||    25
         Tentacles         |    10 |    10 ||    20
         Punch             |     1 |       ||     1
    Use: Scroll            |     9 |     3 ||    12
         Potion            |       |     5 ||     5
   Stab: Sleeping          |     2 |     5 ||     7
         Distracted        |       |     1 ||     1
 Armour: Skin              |    24 |    28 ||    52
  Dodge: Dodged            |    42 |    28 ||    70
